 Dungeon Crawl Stone Soup version 0.16-a0-3933-g06ce5c0 (webtiles) character file.

35 timbw the Chopper (level 3, 11/20 HPs)
             Began as a Human Berserker on Feb 5, 2015.
             Was a Believer of Trog.
             Quit the game on level 2 of the Dungeon.
             The game lasted 00:01:39 (314 turns).

timbw the Chopper (Human Berserker)                  Turns: 314, Time: 00:01:39

Health: 11/20      AC:  5    Str: 18    XL:     3   Next: 52%
Magic:  3/3        EV: 11    Int:  7    God:    Trog [**....]
Gold:   18         SH:  0    Dex: 12    Spells: 0 memorised, 2 levels left

rFire  . . .     SeeInvis .     a - +0 hand axe
rCold  . . .     Clarity  .     d - +0 ring mail
rNeg   . . .     SustAb   .     (no shield)
rPois  .         Gourm    .     (no helmet)
rElec  .         Spirit   .     (no cloak)
rCorr  .         Warding  .     (no gloves)
rMut   .         Stasis   .     (no boots)
MR     +++..                    (no amulet)
Stlth  +.........               (no ring)
                                (no ring)

@: exhausted, regenerating, extremely resistant to hostile enchantments, very
unstealthy
A: deterioration 1, frail 3, magic resistance 1, placid magic 1
a: Burn Spellbooks, Berserk, Trog's Hand, Renounce Religion


You were on level 2 of the Dungeon.
You worshipped Trog.
Trog was pleased with you.
You were not hungry.

You visited 1 branch of the dungeon, and saw 2 of its levels.

You collected 18 gold pieces.

Inventory:

Hand weapons
 a - a +0 hand axe (weapon)
Armour
 b - a +0 animal skin
 d - a +0 ring mail (worn)
Scrolls
 e - a scroll of identify {unknown}
 f - a scroll of amnesia {unknown}
Comestibles
 c - a bread ration


   Skills:
 - Level 3.0 Fighting
 + Level 4.3 Axes
 - Level 2.0 Armour
 - Level 2.0 Dodging


You had 2 spell levels left.
You didn't know any spells.

Dungeon Overview and Level Annotations

Branches:
Dungeon (2/15)

Altars:


Innate Abilities, Weirdness & Mutations

Your body is slowly deteriorating.
You are extremely frail (-30% HP).
You are resistant to hostile enchantments.
Your spells are a little easier to cast, but a little less powerful.


Message History

You are no longer poisoned.
The hobgoblin hits you but does no damage.
Unknown command.
You see here 14 stones.
You barely miss the hobgoblin.
The hobgoblin is moderately wounded.
The hobgoblin misses you.
You barely miss the hobgoblin.
The hobgoblin is moderately wounded.
The hobgoblin hits you but does no damage.
You hit the hobgoblin.
You kill the hobgoblin!
Trog accepts your kill.
You see here a club.
You see here a dagger.
Drink which item? (? for menu, Esc to quit)
You feel extremely strange.
You feel frail. x2
You feel yourself wasting away.
Are you sure you want to abandon this character and quit the game? (Confirm with "yes".)

####..... #.........
#.......... #........#..
#........... #........###
#.###............
#..........<...# #
....####@#####.# .#### .
#)# ...... ##.# #(# .# ..#
#.### .# . . ..# #.#.#####
## #....#.# #...(...# ####
#....#.# ###...### ...#
#.#.##.### #...#
...###........####...#####


There were no monsters in sight!

Vanquished Creatures
  An adder (D:2)
  A giant gecko (D:1)
  4 bats
  A giant cockroach (D:2)
  A hobgoblin (D:2)
  4 jackals (D:2)
  A kobold (D:2)
  2 giant newts
  4 goblins
  3 rats
22 creatures vanquished.

Notes
Turn   | Place    | Note
--------------------------------------------------------------
     0 | D:1      | timbw, the Human Berserker, began the quest for the Orb.
     0 | D:1      | Reached XP level 1. HP: 18/18 MP: 1/1
   174 | D:1      | Reached XP level 2. HP: 16/24 MP: 2/2
   208 | D:2      | Acquired Trog's second power
   276 | D:2      | Reached skill level 4 in Axes
   276 | D:2      | Reached XP level 3. HP: 16/29 MP: 3/3
   303 | D:2      | Gained mutation: Your spells are a little easier to cast, but a little less powerful. [potion of mutation]
   303 | D:2      | Gained mutation: You are resistant to hostile enchantments. [potion of mutation]
   303 | D:2      | Gained mutation: You are frail (-10% HP). [potion of mutation]
   313 | D:2      | Gained mutation: You are very frail (-20% HP). [potion of mutation]
   313 | D:2      | Gained mutation: You are extremely frail (-30% HP). [potion of mutation]
   313 | D:2      | Gained mutation: Your body is slowly deteriorating. [potion of mutation]
   314 | D:2      | Quit the game

Action                   || total
-------------------------++-------
Melee: Hand axe          ||    73
Invok: Trog's Hand       ||     2
       Berserk           ||     1
  Use: Potion            ||     3
